 Dungeon Crawl Stone Soup version 0.22.1-5-g62c59d9 (webtiles) character file.

49301 Kairos the Cleaver (level 14, -7/75 HPs)
             Began as a Vine Stalker Fighter on Jan 9, 2019.
             Was a High Priest of Okawaru.
             Mangled by a naga mage
             ... wielding a +0 spear
              (8 damage)
             ... on level 1 of the Snake Pit.
             The game lasted 00:57:16 (15613 turns).

Kairos the Cleaver (Vine Stalker Fighter)          Turns: 15613, Time: 00:57:16

Health: -7/75      AC: 24    Str: 28    XL:     14   Next: 50%
Magic:  0/17       EV: 17    Int:  8    God:    Okawaru [*****.]
Gold:   1169       SH: 15    Dex: 14    Spells: 13/13 levels left

rFire    . . .     SeeInvis .   l - +1 hand axe (venom)
rCold    . . .     Gourm    .   c - +0 shield
rNeg     + . .     Faith    +   a - quicksilver dragon scales (curse)
rPois    .         Spirit   +   O - +2 hat of the Bear Spirit {Spirit, +Rage rN+ MR++}
rElec    .         Reflect  .   B - +2 cloak {+Inv}
rCorr    .         Harm     .   i - +0 pair of gloves
MR       ++++.                  y - +1 pair of boots
Stlth    +++.......             n - amulet of faith
HPRegen  1.02/turn              J - +2 ring of evasion
MPRegen  0.15/turn              X - +4 ring of strength

@: lethally poisoned (-7 -> -12), heroism, berserk cooldown, slowed,
constricted, studying Dodging, very slow
A: fangs 3, regeneration 2, magic shield, antimagic bite, no potion heal 3, rot
immunity
a: Heroism, Finesse, Renounce Religion, Evoke Berserk Rage, Evoke Invisibility


You were on level 1 of the Snake Pit.
You worshipped Okawaru.
Okawaru was extremely pleased with you.
You were very hungry.

You visited 3 branches of the dungeon, and saw 17 of its levels.

You collected 1169 gold pieces.

Inventory:

Hand Weapons
 l - a +1 hand axe of venom (weapon)
 o - a +1 whip of flaming
 M - a +0 war axe of chopping
Armour
 a - cursed quicksilver dragon scales (worn)
 c - a +0 shield (worn)
 i - a +0 pair of gloves (worn)
 y - a +1 pair of boots (worn)
 B - a +2 cloak of invisibility (worn)
 O - the +2 hat of the Bear Spirit (worn) {Spirit, +Rage rN+ MR++}
   (Okawaru gifted it to you on level 4 of the Lair of Beasts)

   It protects you from negative energy.
   It affects your resistance to hostile enchantments.
   It lets you go berserk.
 P - a +1 scale mail of poison resistance
Jewellery
 n - an amulet of faith (around neck)
 v - an uncursed ring of protection from cold
 D - an uncursed ring of see invisible
 J - a +2 ring of evasion (left hand)
 Q - an uncursed ring of protection from magic
 R - an uncursed ring of protection from fire
 X - a +4 ring of strength (right hand)
Wands
 j - a wand of enslavement (11)
 A - a wand of digging (48)
 F - a wand of acid (3)
 G - a wand of disintegration (1)
Scrolls
 e - 3 scrolls of blinking
 g - 3 scrolls of immolation
 k - 4 scrolls of magic mapping
 p - 6 scrolls of remove curse
 t - a scroll of summoning
 u - 4 scrolls of fog
 z - 4 scrolls of fear
 H - 3 scrolls of teleportation
 K - 3 scrolls of enchant weapon {unknown}
 L - a scroll of amnesia
 T - a scroll of vulnerability {unknown}
 U - a scroll of brand weapon {unknown}
 Z - a scroll of torment {unknown}
Potions
 d - 4 potions of might
 h - 3 potions of flight
 m - 2 potions of magic
 r - a potion of cancellation
 s - 2 potions of curing
 w - a potion of mutation {unknown}
 x - a potion of agility
 E - 3 potions of brilliance {unknown}
 I - 3 potions of lignification {unknown}
 V - 3 potions of haste
Books
 b - a manual of Dodging
Comestibles
 f - 29 rations


   Skills:
 + Level 9.3(14.3) Fighting
 + Level 13.2(18.3) Axes
 + Level 2.7(14.2) Maces & Flails
 + Level 9.0(14.0) Armour
 + Level 6.3(11.3) Dodging
 + Level 4.0(9.0) Stealth
 + Level 10.9(15.9) Shields
 + Level 3.1 Invocations
 + Level 2.1 Evocations


You had 13 spell levels left.
You didn't know any spells.
Your spell library contained the following spells:

 Spells                   Type           Power        Failure   Level  Hunger
 Confusing Touch          Hex            #.....       50%         1    ##.....
 Flame Tongue             Conj/Fire      #....        50%         1    ##.....
 Magic Dart               Conj           #...         50%         1    ##.....
 Shock                    Conj/Air       #...         50%         1    ##.....
 Blink                    Tloc           N/A          65%         2    ###....
 Call Imp                 Summ           #.......     65%         2    ###....
 Slow                     Hex            #.......     65%         2    ###....
 Swiftness                Chrm/Air       #.......     65%         2    ###....
 Throw Flame              Conj/Fire      #.....       65%         2    ###....
 Confuse                  Hex            #.......     86%         3    ####...
 Conjure Flame            Conj/Fire      #.......     86%         3    ####...
 Gell's Gravitas          Tloc           #.........   86%         3    ####...
 Inner Flame              Hex/Fire       #.......     86%         3    ####...
 Mephitic Cloud           Conj/Pois/Air  #.......     86%         3    ####...
 Static Discharge         Conj/Air       #.......     86%         3    ####...
 Airstrike                Air            #.........   99%         4    #####..
 Petrify                  Tmut/Erth      #.......     99%         4    #####..
 Sticky Flame             Conj/Fire      #.......     99%         4    #####..
 Fireball                 Conj/Fire      #.........   100%        5    ######.
 Lightning Bolt           Conj/Air       #.........   100%        5    ######.
 Metabolic Englaciation   Hex/Ice        #.........   100%        5    ######.
 Yara's Violent Unravell  Hex/Tmut       #.........   100%        5    ######.


Dungeon Overview and Level Annotations

Branches:
Dungeon (10/15)            Temple (0/1) D:6            Lair (6/6) D:10
 Shoals (0/4) Lair:4        Snake (1/4) Lair:3        Slime (0/5) Lair:5
    Orc: D:9-12

Altars:
Ashenzari
Dithmenos
Elyvilon
Fedhas
Hepliaklqana
Kikubaaqudgha
Nemelex Xobeh
Okawaru
Ru
Sif Muna
Trog
Uskayaw
Vehumet
Wu Jian
Yredelemnul
Zin

Shops:
D:9 *


Innate Abilities, Weirdness & Mutations

You have razor-sharp teeth.
You heal very quickly.
When hurt, damage is shared between your health and your magic reserves.
Your bite disrupts and absorbs the magic of your enemies.
Potions cannot restore your health.
You are immune to rotting.


Message History

You block the shock serpent's attack.
The naga mage hits you but does no damage.
You hit the naga ritualist.
You kill the naga ritualist!
Okawaru accepts your kill.
You barely miss the shock serpent. You hit the naga.
* * * LOW HITPOINT WARNING * * *
You feel sick. The shock serpent barely misses you.
The naga mage casts a spell at you. You resist with almost no effort.
The shock serpent misses you.
* * * LOW HITPOINT WARNING * * *
You feel very sick. The naga mage completely misses you.
The shock serpent bites you!
* * * LOW HITPOINT WARNING * * *
The shock serpent shocks you!
* * * LOW HITPOINT WARNING * * *
The naga closely misses you. The naga grabs you.
You stop ascending the stairs.
The naga constricts you.
The naga mage hits you from afar with a spear!
You die...

.#... ....
... ..#
..####
##....#
#..N..#
#.†.†.####
#.)@†....#
#?NS##...#
?....N#
..#
........#
##
........#
.###..###
... #...


You could see a shock serpent, a naga mage and 2 nagas.

Vanquished Creatures
  4 dire elephants (Lair:6)
  The ghost of Vogetunn the Bludgeoner, a journeyman MiFi of Okawaru (Lair:3)
  5 hydras
  A catoblepas (Lair:5)
  Harold (D:7)
  3 anacondas
  3 two-headed ogres
  The ghost of Hoserid the Destroyer, a journeyman GrWz of Vehumet (Lair:3)
  Sonja (Lair:2)
  A flayed ghost (D:10)
  A naga ritualist (Snake:1)
  Pikel (D:4)
  An ugly thing (D:10)
  A mana viper (Snake:1)
  9 elephants (Lair:6)
  A gargoyle (D:10)
  7 black mambas
  4 spiny frogs
  6 rime drakes
  8 komodo dragons
  A hornet (D:10)
  7 hippogriffs
  14 blink frogs
  5 wraiths (D:10)
  Sigmund (D:3)
  A shadow (D:10)
  2 wyverns
  2 fire bats (D:10)
  A spriggan (D:10)
  Eustachio (D:4)
  2 basilisks
  50 yaks
  2 hungry ghosts (D:7)
  Edmund (D:4)
  4 nagas (Lair:3)
  4 water moccasins
  8 porcupines
  4 orc warriors
  2 ice beasts (D:7)
  3 black bears
  6 ogres
  A slave (D:4)
  2 phantoms
  A necrophage (D:9)
  10 wolves
  11 centaurs
  14 crocodiles
  9 bullfrogs
  A big kobold (D:7)
  8 scorpions
  3 killer bees (D:9)
  9 wights
  3 howler monkeys
  A bullfrog zombie (D:8)
  A crimson imp (D:5)
  7 hounds
  A centaur zombie (D:7)
  2 centaur skeletons
  6 jellies
  2 orc priests (D:6)
  10 orc wizards
  A bullfrog skeleton (D:5)
  Jessica (D:3)
  2 iguanas (D:7)
  Natasha (thrice) (D:3)
  7 worker ants
  6 gnolls (D:9)
  13 adders
  A shadow imp (D:5)
  6 oozes
  A worm (D:4)
  3 adder skeletons
  2 adder zombies
  2 dart slugs
  A leopard gecko (D:5)
  19 orcs
  5 giant cockroaches (D:1)
  5 goblins
  4 hobgoblins
  9 jackals
  13 kobolds
  5 quokkas
  2 ball pythons (D:2)
  15 bats
  5 frilled lizards
  A jackal skeleton (D:7)
  2 leopard gecko skeletons
  A quokka skeleton (D:10)
  9 rats
  3 fungi
  8 plants
438 creatures vanquished.

Vanquished Creatures (others)
  A worker ant (D:4)
  An orc (D:4)
  2 fungi (Lair:6)
  4 plants (Lair:6)
  2 withered plants (Lair:3)
10 creatures vanquished.

Grand Total: 448 creatures vanquished

Notes
Turn   | Place    | Note
-------+----------+-------------------------------------------
     0 | D:1      | Kairos the Vine Stalker Fighter began the quest for the
                  | Orb.
     0 | D:1      | Reached XP level 1. HP: 11/11 MP: 2/2
    61 | D:1      | Reached XP level 2. HP: 16/16 MP: 3/3
   108 | D:1      | Reached skill level 2 in Axes
   226 | D:1      | Reached XP level 3. HP: 14/19 MP: 2/4
   440 | D:1      | You fall through a shaft!
   923 | D:2      | Found a bloodstained altar of Trog.
   940 | D:2      | Found a shattered altar of Ashenzari.
  1634 | D:3      | Noticed Jessica
  1637 | D:3      | Killed Jessica
  1637 | D:3      | Reached skill level 3 in Axes
  1637 | D:3      | Gained mutation: Your natural rate of healing is unusually
                  | fast. [Vine Stalker growth]
  1637 | D:3      | Reached XP level 4. HP: 24/24 MP: 5/5
  1639 | D:3      | Noticed Sigmund
  1647 | D:3      | Killed Sigmund
  1647 | D:3      | Reached skill level 4 in Axes
  1647 | D:3      | Reached XP level 5. HP: 28/28 MP: 6/6
  1647 | D:3      | Reached XP level 6. HP: 32/32 MP: 7/7
  1681 | D:3      | You fall through a shaft for 2 floors!
  1681 | D:5      | Entered Level 5 of the Dungeon
  1738 | D:4      | Found a sparkling altar of Nemelex Xobeh.
  1738 | D:4      | Noticed a slave
  1757 | D:4      | Noticed Pikel
  1758 | D:4      | Noticed a slave
  1758 | D:4      | Noticed a slave
  1758 | D:4      | Noticed a slave
  1768 | D:4      | Killed Pikel
  1768 | D:4      | Reached skill level 5 in Axes
  1768 | D:4      | Reached skill level 1 in Dodging
  1768 | D:4      | Reached XP level 7. HP: 17/37 MP: 8/8
  1924 | D:4      | Found a hide-covered altar of Uskayaw.
  1934 | D:4      | Noticed Edmund
  1960 | D:4      | Killed Edmund
  1960 | D:4      | Gained mutation: You have razor-sharp teeth. [Vine Stalker
                  | growth]
  1960 | D:4      | Reached XP level 8. HP: 42/42 MP: 9/9
  1964 | D:4      | Reached skill level 6 in Axes
  2008 | D:4      | Noticed Eustachio
  2022 | D:4      | Killed Eustachio
  2034 | D:3      | Noticed Natasha
  2040 | D:3      | Killed Natasha
  2126 | D:3      | Noticed Natasha
  2133 | D:3      | Killed Natasha
  2205 | D:3      | Found a sparkling altar of Nemelex Xobeh.
  2367 | D:3      | Noticed Natasha
  2376 | D:3      | Killed Natasha
  3126 | D:4      | Reached skill level 1 in Stealth
  3402 | D:5      | Found a shadowy altar of Dithmenos.
  3402 | D:5      | Found an ornate altar of the Wu Jian Council.
  3404 | D:5      | Found an ancient bone altar of Kikubaaqudgha.
  3406 | D:5      | Found an iron altar of Okawaru.
  3411 | D:5      | Found a glowing silver altar of Zin.
  3412 | D:5      | Found a blossoming altar of Fedhas.
  3426 | D:5      | Became a worshipper of Warmaster Okawaru
  3539 | D:5      | Reached skill level 7 in Axes
  3638 | D:5      | Reached XP level 9. HP: 42/46 MP: 10/10
  3962 | D:6      | Reached skill level 5 in Shields
  4043 | D:6      | Reached * piety under Okawaru
  4043 | D:6      | Reached skill level 5 in Fighting
  4090 | D:6      | Found a staircase to the Ecumenical Temple.
  4126 | D:6      | Found a sacrificial altar of Ru.
  4137 | D:6      | Found a radiant altar of Vehumet.
  4237 | D:6      | Reached skill level 8 in Axes
  4337 | D:6      | Found a bloodstained altar of Trog.
  4386 | D:6      | Reached ** piety under Okawaru
  4553 | D:6      | Found a deep blue altar of Sif Muna.
  4971 | D:7      | Reached XP level 10. HP: 52/52 MP: 11/11
  4989 | D:7      | Reached skill level 9 in Axes
  5053 | D:7      | Noticed Harold
  5099 | D:7      | Killed Harold
  5099 | D:7      | Reached *** piety under Okawaru
  5099 | D:7      | Reached skill level 5 in Armour
  6353 | D:9      | Reached skill level 10 in Axes
  6422 | D:9      | Found a white marble altar of Elyvilon.
  6446 | D:9      | Reached **** piety under Okawaru
  6468 | D:9      | Noticed a two-headed ogre
  6525 | D:9      | Killed a two-headed ogre
  6525 | D:9      | Reached XP level 11. HP: 34/58 MP: 6/12
  6803 | D:9      | Found Hawouw's General Store.
  7138 | D:10     | Entered Level 10 of the Dungeon
  7180 | D:10     | Found a staircase to the Lair.
  7335 | D:10     | Reached ***** piety under Okawaru
  7495 | D:10     | Noticed a green ugly thing
  7505 | D:10     | Killed a green ugly thing
  7759 | D:10     | Noticed a two-headed ogre
  7766 | D:10     | Killed a two-headed ogre
  7864 | D:10     | Noticed a two-headed ogre
  7867 | D:10     | Found a basalt altar of Yredelemnul.
  7882 | D:10     | Killed a two-headed ogre
  7894 | D:10     | Reached skill level 1 in Evocations
  7903 | D:10     | Reached skill level 1 in Invocations
  8062 | D:10     | Found a runed door.
  8068 | D:10     | Found an ornate altar of the Wu Jian Council.
  8107 | D:10     | Received a gift from Okawaru
  8142 | D:10     | Found a hazy altar of Hepliaklqana.
  8150 | D:10     | Found a deep blue altar of Sif Muna.
  8178 | D:10     | Found a sacrificial altar of Ru.
  8216 | D:10     | Found a glowing silver altar of Zin.
  8247 | D:10     | Noticed a flayed ghost
  8266 | D:10     | Killed a flayed ghost
  8266 | D:10     | Reached skill level 11 in Axes
  8368 | Lair:1   | Entered Level 1 of the Lair of Beasts
  8466 | Lair:1   | Gained mutation: You heal very quickly. [Vine Stalker
                  | growth]
  8466 | Lair:1   | Reached XP level 12. HP: 63/63 MP: 13/13
  9505 | Lair:2   | Noticed Sonja
  9517 | Lair:2   | Killed Sonja
  9720 | Lair:2   | Received a gift from Okawaru
  9726 | Lair:2   | Reached skill level 12 in Axes
 10431 | Lair:3   | Noticed a six-headed hydra
 10627 | Lair:3   | Found a runed gate.
 10627 | Lair:3   | Found a runed gate.
 10627 | Lair:3   | Found a runed gate.
 10665 | Lair:3   | Reached XP level 13. HP: 69/69 MP: 15/15
 10999 | Lair:3   | Reached skill level 1 in Maces & Flails
 11261 | Lair:3   | Noticed Hoserid's ghost (journeyman GrWz)
 11263 | Lair:3   | Found the +15 Maxwell's patent armour {-Cast -Tele rElec
                  | MR+ rCorr}
 11282 | Lair:3   | Noticed Vogetunn's ghost (journeyman MiFi)
 11317 | Lair:3   | Killed Vogetunn's ghost
 11343 | Lair:3   | Killed Hoserid's ghost
 11406 | Lair:3   | Found a staircase to the Snake Pit.
 11774 | Lair:4   | Found a staircase to the Shoals.
 11780 | Lair:4   | Received a gift from Okawaru
 11781 | Lair:4   | Found the +2 hat of the Bear Spirit {Spirit, +Rage rN+
                  | MR++}
 13049 | Lair:5   | Found a staircase to the Slime Pits.
 13305 | Lair:5   | Reached skill level 10 in Shields
 13660 | Lair:6   | Entered Level 6 of the Lair of Beasts
 13843 | Lair:6   | Reached skill level 5 in Dodging
 13894 | Lair:6   | Reached skill level 13 in Axes
 13894 | Lair:6   | Reached XP level 14. HP: 73/75 MP: 16/16
 14867 | Lair:6   | Noticed a dire elephant
 14867 | Lair:6   | Noticed a dire elephant
 14885 | Lair:6   | Killed a dire elephant
 14910 | Lair:6   | Killed a dire elephant
 14996 | Lair:6   | Got a glittering platinum ring
 14998 | Lair:6   | Identified the ring of Qoemymema {-Tele +Fly Dex+7} (You
                  | found it on level 6 of the Lair of Beasts)
 15017 | Lair:6   | Noticed a dire elephant
 15037 | Lair:6   | HP: 1/75 [dire elephant (5)]
 15044 | Lair:6   | Killed a dire elephant
 15151 | Lair:6   | Noticed a dire elephant
 15172 | Lair:6   | Killed a dire elephant
 15575 | Snake:1  | Entered Level 1 of the Snake Pit
 15590 | Snake:1  | Received a gift from Okawaru
 15613 | Snake:1  | HP: 3/75 [shock serpent (2)]
 15613 | Snake:1  | HP: 1/75 [shock serpent (2)]
 15613 | Snake:1  | Mangled by a naga mage

Skill      XL: |  1  2  3  4  5  6  7  8  9 10 11 12 13 14 |
---------------+-------------------------------------------+-----
Axes           | 2 3 4 5 7 8 10 11 12 13 | 13.2
Shields        | 3 4 5 6 8 9 10 | 10.9
Fighting       | 3 4 5 6 7 8 9 |  9.3
Armour         | 3 4 5 6 7 8 9 |  9.0
Dodging        | 1 2 3 4 5 6 |  6.3
Stealth        | 1 2 3 4 |  4.0
Evocations     | 1 2 |  2.1
Invocations    | 1 2 3 |  3.1
Maces & Flails | 2 |  2.7

Action                   |  1- 3 |  4- 6 |  7- 9 | 10-12 | 13-15 || total
-------------------------+-------+-------+-------+-------+-------++-------
Melee: War axe           |    74 |       |       |    30 |       ||   104
       Bite              |    12 |     6 |   110 |   272 |   347 ||   747
       Hand axe          |     6 |    22 |   302 |   699 |   541 ||  1570
       Whip              |       |       |       |       |    88 ||    88
Invok: Heroism           |       |       |       |     7 |    22 ||    29
       Finesse           |       |       |       |       |     5 ||     5
 Abil: Evoke Invisibilit |       |       |       |       |     1 ||     1
       Evoke Berserk Rag |       |       |       |       |     2 ||     2
Evoke: Wand              |       |       |       |     8 |     1 ||     9
  Use: Scroll            |       |       |       |    14 |     4 ||    18
       Potion            |       |       |       |     1 |     1 ||     2
 Stab: Distracted        |       |       |     1 |       |       ||     1
       Invisible         |       |       |       |       |     4 ||     4
       Petrified         |       |       |       |       |     3 ||     3
  Eat: Ration            |     1 |       |       |     2 |     2 ||     5
       Chunk             |       |       |    11 |    13 |    10 ||    34
Armor: Scale mail        |    38 |    12 |    90 |   115 |       ||   255
       Chain mail        |       |       |       |    98 |    73 ||   171
       Quicksilver drago |       |       |       |       |   111 ||   111
Dodge: Dodged            |    23 |     9 |    79 |   277 |   307 ||   695
Block: Shield            |    39 |    12 |   131 |   375 |   351 ||   908
